 Dungeon Crawl Stone Soup version 0.30-a0-292-g0f741e3f8e (webtiles) character file.

Game seed: 11632956328305717344

418 droidtality the Poker (level 6, -1/47 HPs)
             Began as a Merfolk Gladiator on Oct 17, 2022.
             Succumbed to a scorpion's poison
             ... on level 3 of the Dungeon.
             The game lasted 00:05:02 (12434 turns).

droidtality the Poker (Merfolk Gladiator)          Turns: 12434, Time: 00:05:03

Health: -1/47      AC:  8    Str: 15    XL:     6   Next: 93%
Magic:  2/6        EV: 11    Int:  7    God:
Gold:   115        SH:  0    Dex: 17    Spells: 5/5 levels left

rFire   . . .      SeeInvis .    a - +0 trident
rCold   . . .      Faith    .    (no shield)
rNeg    . . .      Spirit   +    m - +0 scale mail
rPois   .          Reflect  .    (helmet restricted)
rElec   .          Harm     .    n - +0 cloak
rCorr   .          Rampage  .    r - +0 pair of gloves
Will    .....                    (no boots)
Stlth   +.........               o - amulet of guardian spirit
HPRegen 0.27/turn                (no ring)
MPRegen 0.10/turn                (no ring)

@: lethally poisoned (-1 -> -7)
A: (nimble swimmer 2), mertail, horns 1
a: no special abilities


You were on level 3 of the Dungeon.
You visited 1 branch of the dungeon, and saw 4 of its levels.

You collected 115 gold pieces.

Inventory:

Hand Weapons
 a - a +0 trident (weapon)
Missiles
 d - 3 throwing nets (quivered)
 e - a javelin
Armour
 c - a +0 helmet
 m - a +0 scale mail (worn)
 n - a +0 cloak (worn)
 r - a +0 pair of gloves (worn)
Jewellery
 o - an amulet of guardian spirit (around neck)
 w - an amulet of guardian spirit
Scrolls
 f - 3 scrolls of immolation {unknown}
 h - a scroll of fog {unknown}
 i - 2 scrolls of blinking {unknown}
 j - 4 scrolls of teleportation {unknown}
 k - a scroll of magic mapping {unknown}
 p - a scroll of amnesia {unknown}
 q - 2 scrolls of identify {unknown}
 t - a scroll of enchant armour {unknown}
 v - a scroll of torment {unknown}
 x - a scroll of enchant weapon {unknown}
Potions
 b - a potion of attraction {unknown}
 g - a potion of brilliance {unknown}
 l - a potion of ambrosia {unknown}
 s - a potion of might {unknown}
 u - 2 potions of haste {unknown}


   Skills:
 + Level 3.4 Fighting
 * Level 7.2 Polearms
 - Level 2.0 Throwing
 + Level 2.5 Armour
 + Level 4.7 Dodging
 + Level 1.8 Stealth


You had 5 spell levels left.
You didn't know any spells.
Your spell library was empty.

Dungeon Overview and Level Annotations

Branches:
Dungeon (4/15)
 Temple: D:4-7

Altars:
Okawaru
Uskayaw
Xom

Shops:
D:2 [


Innate Abilities, Weirdness & Mutations

((You are very nimble when in or above water. (Stealth+, EV+, Speed+++)))
Your lower body shifts to a powerful aquatic tail in water.
You have a pair of small horns on your head.


Message History

You feel very sick. The orc hits you with a +0 hand axe.
The hobgoblin hits you. The orc completely misses you.
The scorpion closely misses you.
Unknown command.
You puncture the scorpion!
The scorpion is heavily wounded.
You feel sick. The orc hits you but does no damage.
The hobgoblin barely misses you. The orc hits you with a +0 hand axe.
* * * LOW HITPOINT WARNING * * *
The scorpion closely misses you.
You barely miss the scorpion.
The scorpion is heavily wounded.
You feel sick. The scorpion stings you.
* * * LOW HITPOINT WARNING * * *
You are lethally poisoned!
The scorpion poisons you! The hobgoblin closely misses you.
The orc closely misses you. The orc misses you.
You hit the scorpion.
The scorpion is almost dead.
* * * LOW HITPOINT WARNING * * *
You feel very sick.
The scorpion stings you but does no damage.
The hobgoblin barely misses you. The orc hits you but does no damage. x2
Unknown command.
You hit the scorpion but do no damage.
The scorpion is almost dead.
* * * LOW HITPOINT WARNING * * *
You feel sick.
The scorpion stings you but does no damage.
The hobgoblin closely misses you. The orc barely misses you.
The orc hits you but does no damage. The scorpion closely misses you.
Unknown command.
You hit the scorpion.
You kill the scorpion!
* * * LOW HITPOINT WARNING * * *
You feel sick. The orc closely misses you. The hobgoblin barely misses you.
The orc hits you but does no damage.
Your Polearms skill increases to level 7!
Unknown command.
You die...

##.#.#.##.#.#..# #########
#.#.#.#..#.##.# #####.......#
#.#........##.. #.......###.#
#.###..#.#.....
#.###.#.###.#####.###..#....รท..
###.##.....##..............#.....
#.......#..##..#.....#####.#.#.##
#.#..................#####.>..#..
#.#.###........#@>o.....##.#.##.#
#.#[......####.#go......##.#.#...
#.######### #.#..#..#..##.#.....
#.## #.............###... #..#
########...........# #... ##.#
#............#..##.###... #.#
#......#....>...#........ #.#
#............##.......... #.#
#......###...####........


You could see 2 orcs and a hobgoblin.

Vanquished Creatures
  Sigmund (D:3)
  2 scorpions
  2 hounds (D:3)
  3 adders
  A worm (D:2)
  2 dart slugs (D:1)
  An orc (D:4)
  10 ball pythons
  3 endoplasms
  9 goblins
  5 hobgoblins
  4 jackals (D:1)
  3 quokkas
  A bat (D:1)
  2 frilled lizards (D:2)
  2 kobolds
  6 rats
57 creatures vanquished.

Notes
Turn   | Place    | Note
-------+----------+-------------------------------------------
     0 | D:1      | droidtality the Merfolk Gladiator began the quest for the
                  | Orb.
     0 | D:1      | Reached XP level 1. HP: 16/16 MP: 1/1
   122 | D:1      | Reached XP level 2. HP: 20/23 MP: 2/2
   153 | D:1      | HP: 1/23 [jackal (1)]
   596 | D:1      | Reached XP level 3. HP: 18/28 MP: 3/3
   645 | D:1      | Reached skill level 5 in Polearms
  1033 | D:2      | Found a faded altar of an unknown god.
  1083 | D:2      | Prayed at the altar of an unknown god.
  1083 | D:2      | Became a worshipper of Xom of Chaos
  1174 | D:2      | XOM: silly message
  1210 | D:2      | Found an iron altar of Okawaru.
  1227 | D:2      | Fell from the grace of Xom
  1227 | D:2      | Became a worshipper of Warmaster Okawaru
  1330 | D:2      | Found Etaa's Antique Armour Emporium.
  1363 | D:2      | Reached XP level 4. HP: 34/34 MP: 4/4
  5720 | D:2      | Fell from the grace of Okawaru
 11009 | D:2      | Glimpsed the power of Zot.
 11518 | D:3      | Reached skill level 1 in Armour
 11670 | D:3      | Noticed Sigmund
 11685 | D:3      | Killed Sigmund
 11686 | D:3      | Reached skill level 6 in Polearms
 11686 | D:3      | Reached skill level 1 in Stealth
 11686 | D:3      | Reached XP level 5. HP: 34/41 MP: 5/5
 11686 | D:3      | Reached XP level 6. HP: 39/47 MP: 6/6
 11770 | D:3      | Found a hide-covered altar of Uskayaw.
 12015 | D:3      | XOM: noise
 12129 | D:3      | XOM: give mutation
 12129 | D:3      | Gained mutation: You have a pair of small horns on your
                  | head. [Xom's mischief]
 12433 | D:3      | HP: 1/47 [poisoned by a scorpion]
 12434 | D:3      | Reached skill level 7 in Polearms
 12434 | D:3      | Succumbed to a scorpion's poison

Illustrated notes

Levels and vault maps discovered:
D:1:      dpeg_arrival_tiny_d, layout_rooms, grunt_decor_cap
D:2:      layout_basic, serial_shops, shop, nicolae_ecumenical_lake_church,
          basic_altar, serial_curves, eino_curves_03, eino_curves_04,
          eino_curves_04, eino_curves_04
D:3:      layout_loops_cross, lemuel_doored_altar, uniq_sigmund
D:4:      layout_cave_pools, mainiacjoe_overflow_surrounded_room,
          corexii_item_surrounded_by_moat

Skill      XL: |  1  2  3  4  5  6 |
---------------+-------------------+-----
Polearms       | 5 6 7 |  7.2
Armour         | 2 |  2.5
Fighting       | 3 |  3.4
Stealth        | 1 |  1.8
Throwing       | |  2.0
Dodging        | |  4.7

Action                   |  1- 3 |  4- 6 || total
-------------------------+-------+-------++-------
Melee: Trident           |   116 |    97 ||   213
       Tailslap          |     1 |       ||     1
       Punch             |     1 |       ||     1
       Headbutt          |       |     7 ||     7
 Stab: Sleeping          |     1 |       ||     1
Armor: Leather armour    |    38 |       ||    38
       Scale mail        |    12 |    70 ||    82
Dodge: Dodged            |   106 |    74 ||   180

Table legend: (Time is in decaauts)
 A = Elapsed time spent in this place.
 B = Non-inter-level travel time spent in this place.
 C = Inter-level travel time spent in this place.
 D = Time resting spent in this place.
 E = Time spent auto-exploring this place.
 F = Levels seen in this place.
 G = Mean time per level.
                   A        B        C        D        E       F      G
               +--------+--------+--------+--------+--------+-----+--------+
         Total |  12425 |  12077 |    348 |   9761 |   1871 |   4 | 3106.2 |
       Dungeon |  12425 |  12077 |    348 |   9761 |   1871 |   4 | 3106.2 |
               +--------+--------+--------+--------+--------+-----+--------+

Top non-repeatable levels by time:
     D:2: 10479 daAuts
     D:3: 1022 daAuts
     D:1: 836 daAuts
     D:4: 86 daAuts
